 Dungeon Sprint DCSS version 0.28-a0-224-g76b539d98b (webtiles) character file.

Game seed: 14556134695241523969

13625 tbh1313 the Executioner (level 11, -6/100 HPs)
             Began as a Minotaur Berserker on Aug 22, 2021.
             Was the Champion of Trog.
             Mangled by a dire elephant (25 damage)
             ... in the Dungeon (Sprint III: "The Ten Rune Challenge").
             The game lasted 00:10:23 (2173 turns).

tbh1313 the Executioner (Minotaur Berserker)        Turns: 2173, Time: 00:10:24

Health: -6/100     AC:  8    Str: 25    XL:     11   Next: 78%
Magic:  10/10      EV: 15    Int:  7    God:    Trog [******]
Gold:   2079       SH:  0    Dex: 10    Spells: 10/10 levels left

rFire   . . .      SeeInvis .   a - +8 executioner's axe "Naobut" {vorpal, Str+3}
rCold   . . .      Faith    .   (shield currently unavailable)
rNeg    . . .      Spirit   .   o - +1 troll leather armour {Snorg}
rPois   .          Reflect  .   (helmet restricted)
rElec   .          Harm     .   j - +0 cloak
rCorr   .          Rampage  .   (no gloves)
Will    .....      NoTele   +   (no boots)
Stlth   +.........              (no amulet)
HPRegen 1.26/turn               (no ring)
MPRegen 0.12/turn               (no ring)

@: on berserk cooldown, slowed, very slow
A: horns 2, retaliatory headbutt
a: Renounce Religion, Berserk, Trog's Hand, Brothers in Arms


You were in the Dungeon.
You worshipped Trog.
Trog was exalted by your worship.
You visited 1 branch You collected 2079 gold pieces.

Inventory:

Hand Weapons
 a - the +8 executioner's axe "Naobut" (weapon) {vorpal, Str+3}
   (Trog gifted it to you in the Dungeon)

   It inflicts extra damage upon your enemies.
   Str:       It affects your strength (+3).
 b - a +0 shortbow
 c - a +5 battleaxe of flaming
 p - a +4 battleaxe
Missiles
 i - 45 arrows
Armour
 j - a +0 cloak (worn)
 o - a +1 troll leather armour (worn) {Snorg}
Scrolls
 h - a scroll of blinking
 l - a scroll of holy word
Potions
 d - a potion of heal wounds
 e - a potion of haste
 f - 2 potions of magic
 g - a potion of berserk rage
 k - 3 potions of mutation
 m - a potion of might
 n - 4 potions of flight


   Skills:
 - Level 10.3 Fighting
 - Level 26.0 Axes
 + Level 9.2 Bows
 - Level 10.0 Armour
 - Level 10.0 Dodging


You had 10 spell levels left.
You didn't know any spells.
Your spell library contained the following spells:

 Spells                   Type           Power      Damage    Failure   Level
 Portal Projectile        Hex/Tloc       0%         N/A       83%         3
 Blade Hands              Tmut           0%         N/A       100%        5
 Excruciating Wounds      Necr           0%         N/A       100%        5


Dungeon Overview and Level Annotations

Branches:
Dungeon (1/1)

Altars:
Cheibriados
Dithmenos
Elyvilon
Fedhas
Gozag
Hepliaklqana
Kikubaaqudgha
Makhleb
Nemelex Xobeh
Okawaru
Qazlal
Ru
Sif Muna
Trog
Uskayaw
Vehumet
Wu Jian
Xom
Yredelemnul
Zin
The Shining One
Beogh
Jiyva
Lugonu

Shops:
D [

Annotations:
D Gastronok


Innate Abilities, Weirdness & Mutations

You have a pair of horns on your head.
You reflexively headbutt those who attack you in melee.


Message History

The azure jelly quivers. x3
You open the door. 2 elephants, 2 dire elephants and Gastronok come into view.
Gastronok is wearing a +1 hat of stealth.
The dire elephant trumpets! x2; Gastronok gurgles horribly!
Found a scroll of identify.
You hit the dire elephant.
The dire elephant is lightly wounded.
The dire elephant closely misses you. The dire elephant trunk-slaps you.
The dire elephant tramples the plant!
The plant begins to die.
The dire elephant trunk-slaps the plant!
Gastronok makes a strange noise.
Gastronok casts a spell.
Gastronok puts on a burst of speed!
The elephant tramples the plant!
The elephant trunk-slaps the plant.
You're still recovering from your berserk rage.
You carve the dire elephant like a ham!!!
You headbutt the dire elephant.
The dire elephant is heavily wounded.
The dire elephant tramples you!!
You hold your ground!
The dire elephant misses you.
The dire elephant tramples the plant!!
The dire elephant trunk-slaps the plant!
The elephant tramples the plant.
The elephant trunk-slaps the plant.
You hit the dire elephant but do no damage.
You headbutt the dire elephant, but do no damage.
The dire elephant is heavily wounded.
The elephant tramples the plant.
The elephant trunk-slaps the plant.
The dire elephant tramples you!
You hold your ground!
The dire elephant barely misses you.
You slash the dire elephant!
The dire elephant is lightly wounded.
You slash the dire elephant!
The elephant tramples the plant!
The elephant trunk-slaps the plant.
The dire elephant tramples you!
You stumble backwards!
You slice the dire elephant!!
The dire elephant is severely wounded.
The dire elephant tramples you!!
* * * LOW HITPOINT WARNING * * *
You stumble backwards!
The dire elephant tramples you!!
You die...

▓...........÷.....#___#_
▓▓▓▓▓▓▓▓▓▓▓▓▓▓▓▓▓▓▓▓▓▓▓▓
▓...+≈≈≈§≈≈≈≈≈♣♣.....♣♣
▓..P#≈≈≈§≈§≈≈≈♣♣†≈≈≈≈'♣
▓.PP#≈≈§≈≈≈≈≈≈.).....#.
▓.YP#≈≈§≈.§§§≈♣♣♣♣♣♣♣#.
..w#≈≈≈≈.≈≈≈≈♣ ##
▓##Y####'#######♣
▓...YY@..)......♣
▓#+#############+


.JJ ▓..J ▓... ▓... #+## You could see 2 dire elephants and an elephant.

Levels and vault maps discovered:
D:        dungeon_sprint_mu [sprint_mu_entry_forest, sprint_mu_temple_rooms,
          sprint_mu_d1_horrors, sprint_mu_d2_genie, sprint_mu_d3_branching,
          sprint_mu_orc_legion, sprint_mu_elf_gauntlet, sprint_mu_hive_nellie,
          sprint_mu_lair_fedhas, sprint_mu_vaults_butterflies,
          sprint_mu_slime_circle, sprint_mu_shoals_kraken,
          sprint_mu_snake_twists, sprint_mu_blade_basic, sprint_mu_crypt_lich,
          sprint_mu_tomb_spiral, sprint_mu_vestibule_basic,
          sprint_mu_gehenna_hellfire, sprint_mu_dis_giant,
          sprint_mu_tartarus_statrot, sprint_mu_cocytus_islands, sprint_mu_zot1]

Notes
Turn   | Place    | Note
-------+----------+-------------------------------------------
     0 | D        | tbh1313 the Minotaur Berserker began the quest for the Orb.
     0 | D        | Reached XP level 1. HP: 19/19 MP: 0/0
     4 | D        | Reached skill level 4 in Axes
    35 | D        | Noticed Jessica
    38 | D        | Reached ** piety under Trog
    39 | D        | Reached skill level 5 in Axes
    41 | D        | Killed Jessica
    42 | D        | Reached skill level 8 in Axes
    42 | D        | Reached XP level 2. HP: 7/26 MP: 1/1
    42 | D        | Reached XP level 3. HP: 9/31 MP: 2/2
   234 | D        | Reached skill level 9 in Axes
   242 | D        | Noticed Crazy Yiuf
   254 | D        | Killed Crazy Yiuf
   254 | D        | Reached *** piety under Trog
   255 | D        | Reached skill level 10 in Axes
   255 | D        | Reached XP level 4. HP: 39/39 MP: 3/3
   313 | D        | Noticed a water elemental
   321 | D        | Killed a water elemental
   322 | D        | Reached skill level 11 in Axes
   493 | D        | Found a radiant altar of Vehumet.
   493 | D        | Found a shimmering blue altar of Sif Muna.
   493 | D        | Found an ancient bone altar of Kikubaaqudgha.
   493 | D        | Noticed a wizard
   496 | D        | Killed a wizard
   497 | D        | Reached skill level 12 in Axes
   497 | D        | Reached XP level 5. HP: 34/45 MP: 4/4
   500 | D        | Reached **** piety under Trog
   501 | D        | Reached skill level 13 in Axes
   512 | D        | Found a glowing silver altar of Zin.
   513 | D        | Found a glowing golden altar of the Shining One.
   513 | D        | Found a white marble altar of Elyvilon.
   513 | D        | Noticed a deep elf pyromancer
   519 | D        | Killed a deep elf pyromancer
   520 | D        | Reached skill level 14 in Axes
   520 | D        | Reached XP level 6. HP: 10/61 MP: 5/5
   520 | D        | Reached XP level 7. HP: 11/67 MP: 6/6
   794 | D        | Found a hide-covered altar of Uskayaw.
   794 | D        | Found an iron altar of Okawaru.
   794 | D        | Found a bloodstained altar of Trog.
   794 | D        | Found an ornate altar of the Wu Jian Council.
   794 | D        | Noticed a human
   794 | D        | Noticed a human
   805 | D        | Killed a human
   807 | D        | Killed a human
   843 | D        | Found a basalt altar of Yredelemnul.
   843 | D        | Found a shadowy altar of Dithmenos.
   843 | D        | Found a sacrificial altar of Ru.
   853 | D        | Reached ***** piety under Trog
   856 | D        | Noticed a shadow
   863 | D        | Killed a shadow
   864 | D        | Reached XP level 8. HP: 45/79 MP: 7/7
  1064 | D        | Found a blossoming altar of Fedhas.
  1064 | D        | Found a stormy altar of Qazlal.
  1064 | D        | Found a snail-covered altar of Cheibriados.
  1064 | D        | Found a burning altar of Makhleb.
  1064 | D        | Found a shimmering altar of Xom.
  1065 | D        | Found a hazy altar of Hepliaklqana.
  1065 | D        | Found an opulent altar of Gozag.
  1065 | D        | Found a sparkling altar of Nemelex Xobeh.
  1065 | D        | Found a corrupted altar of Lugonu.
  1065 | D        | Found a viscous altar of Jiyva.
  1078 | D        | Reached skill level 10 in Fighting
  1078 | D        | Reached skill level 10 in Armour
  1196 | D        | Noticed Snorg
  1207 | D        | Killed Snorg
  1208 | D        | Reached skill level 10 in Dodging
  1208 | D        | Reached skill level 16 in Axes
  1208 | D        | Reached XP level 9. HP: 53/85 MP: 8/8
  1427 | D        | Received a gift from Trog
  1461 | D        | Noticed a centaur warrior
  1466 | D        | Killed a centaur warrior
  1467 | D        | Reached skill level 18 in Axes
  1505 | D        | Killed an unseen horror
  1516 | D        | Noticed a queen bee
  1522 | D        | Reached skill level 19 in Axes
  1534 | D        | Killed a queen bee
  1534 | D        | Reached ****** piety under Trog
  1535 | D        | Reached skill level 5 in Bows
  1548 | D        | Received a gift from Trog
  1560 | D        | Reached XP level 10. HP: 39/93 MP: 9/9
  1571 | D        | Received a gift from Trog
  1594 | D        | Received a gift from Trog
  1595 | D        | Reached skill level 20 in Axes
  1710 | D        | Noticed Harold
  1710 | D        | Noticed Joseph
  1718 | D        | Killed Joseph
  1719 | D        | Killed Harold
  1720 | D        | Reached skill level 22 in Axes
  1764 | D        | Killed an eight-headed hydra
  1774 | D        | Found Jeupei's Antique Armour Shoppe.
  1775 | D        | Noticed an orc sorcerer
  1781 | D        | Killed an orc sorcerer
  1781 | D        | Received a gift from Trog
  1784 | D        | Noticed an orc sorcerer
  1784 | D        | Noticed an orc high priest
  1785 | D        | Killed a seven-headed hydra
  1789 | D        | Noticed a soul eater
  1799 | D        | Killed an orc high priest
  1799 | D        | Received a gift from Trog
  1800 | D        | Reached skill level 23 in Axes
  1800 | D        | Reached XP level 11. HP: 71/100 MP: 10/10
  1806 | D        | Killed an orc sorcerer
  1811 | D        | Identified the +8 executioner's axe "Naobut" {vorpal,
                  | Str+3} (Trog gifted it to you in the Dungeon)
  1811 | D        | Received a gift from Trog
  1887 | D        | Noticed a deep elf pyromancer
  1887 | D        | Noticed a deep elf knight
  1887 | D        | Noticed a deep elf zephyrmancer
  1887 | D        | Noticed a deep elf zephyrmancer
  1887 | D        | Noticed a deep elf zephyrmancer
  1978 | D        | Identified the +9 battleaxe of Disembowelment {vorpal,
                  | *Rage rElec rPois} (Trog gifted it to you in the Dungeon)
  1978 | D        | Received a gift from Trog
  1979 | D        | Reached skill level 24 in Axes
  2123 | D        | Reached skill level 25 in Axes
  2124 | D        | Identified the +1 hand axe of the Ego {flame, Str+6} (Trog
                  | gifted it to you in the Dungeon)
  2124 | D        | Received a gift from Trog
  2138 | D        | Noticed Rupert
  2147 | D        | Killed Rupert
  2148 | D        | Reached skill level 26 in Axes
  2167 | D        | Noticed an azure jelly
  2167 | D        | Noticed an azure jelly
  2167 | D        | Noticed an azure jelly
  2167 | D        | Noticed an azure jelly
  2168 | D        | Noticed a dire elephant
  2168 | D        | Noticed a dire elephant
  2168 | D        | Noticed Gastronok
  2173 | D        | Mangled by a dire elephant

Table legend: (Time is in decaauts)
 A = Elapsed time spent in this place.
 B = Non-inter-level travel time spent in this place.
 C = Inter-level travel time spent in this place.
 D = Time resting spent in this place.
 E = Time spent auto-exploring this place.
 F = Levels seen in this place.
 G = Mean time per level.
                   A        B        C        D        E       F      G
               +--------+--------+--------+--------+--------+-----+--------+
         Total |   2193 |   2149 |     44 |   1332 |    187 |   1 | 2193.0 |
       Dungeon |   2193 |   2149 |     44 |   1332 |    187 |   1 | 2193.0 |
               +--------+--------+--------+--------+--------+-----+--------+

Top non-repeatable levels by time:
       D: 2193 daAuts

Table legend:
 A = Kills in this place as a percentage of kills in entire the game.
 B = Kills by you in this place as a percentage of kills by you in the entire game.
 C = Kills by friends in this place as a percentage of kills by friends in the entire game.
 D = Other kills in this place as a percentage of other kills in the entire game.
 E = Experience gained in this place as a percentage of experience gained in the entire game.
 F = Experience gained in this place divided by the number of levels of this place that you have seen.
                   A       B       C       D       E      F
               +-------+-------+-------+-------+-------+----------------------
         Total | 100.0 | 100.0 |   N/A |   N/A | 100.0 | 19465.0
       Dungeon | 100.0 | 100.0 |   N/A |   N/A | 100.0 | 19465.0
               +-------+-------+-------+-------+-------+----------------------

Action                   |  1- 3 |  4- 6 |  7- 9 | 10-12 || total
-------------------------+-------+-------+-------+-------++-------
Melee: Hand axe          |    18 |    16 |    58 |       ||    92
       Headbutt          |     4 |     7 |    21 |    16 ||    48
       Battleaxe         |       |       |    48 |    35 ||    83
       Executioner's axe |       |       |       |   107 ||   107
 Fire: Shortbow          |       |       |       |    27 ||    27
Invok: Trog's Hand       |     1 |       |     2 |     2 ||     5
       Berserk           |     1 |     1 |     3 |     3 ||     8
  Use: Scroll            |       |     3 |       |       ||     3
       Potion            |       |     1 |     2 |       ||     3
Armor: Robe              |     3 |     1 |       |       ||     4
       Troll leather arm |       |       |    23 |    35 ||    58
Dodge: Dodged            |     4 |     2 |    79 |    73 ||   158

Vanquished Creatures
  Rupert (D)
  Harold (D)
  Snorg (D)
  A centaur warrior (D)
  An orc high priest (D)
  Joseph (D)
  A deep elf pyromancer (D)
  2 orc sorcerers (D)
  2 unseen horrors (D)
  2 cane toads (D)
  A rime drake (D)
  A komodo dragon (D)
  3 wandering mushrooms (D)
  A queen bee (D)
  5 blink frogs (D)
  A shadow (D)
  A spatial vortex (D)
  A swamp drake (D)
  2 orc warriors (D)
  A necrophage (D)
  2 centaurs (D)
  An earth elemental (D)
  A water elemental (D)
  32 killer bees (D)
  A jelly (D)
  Crazy Yiuf (D)
  4 orc priests (D)
  Jessica (D)
  A wizard (D)
  A necromancer (D)
  3 orc wizards (D)
  3 humans (D)
  A kobold demonologist (D)
  5 orcs (D)
  An endoplasm (D)
  A frilled lizard (D)
  2 rats (D)
91 creatures vanquished.

Vanquished Creatures (others)
  2 hydras (D)
  A ballistomycete spore (D)
  3 plants (D)
6 creatures vanquished.

Grand Total: 97 creatures vanquished
